 Dungeon Crawl Stone Soup version 0.31-a0-263-ge8cad7f256 (webtiles) character file.

Game seed: 1945849200359350981

26 qw the Shooter (level 3, -1/21 HPs)
             Began as a Gargoyle Hexslinger on July 13, 2023.
             Slain by an orc wizard
             ... wielding a +0 dagger
              (2 damage)
             ... on level 1 of the Dungeon.
             The game lasted 00:00:14 (353 turns).

qw the Shooter (Gargoyle Hexslinger)                 Turns: 353, Time: 00:00:14

Health: -1/21      AC:  8    Str: 11    XL:     3   Next: 8%
Magic:  4/4        EV: 10    Int: 13    God:
Gold:   63         SH:  0    Dex: 14    Spells: 3/4 levels left

rFire   . . .        Y - +1 sling
rCold   . . .        (no shield)
rNeg    + . .        j - +0 ring mail
rPois   inf          (no helmet)
rElec   +            (no cloak)
rCorr   .            (no gloves)
SInv    .            (no boots)
Will    .....        (no amulet)
Stlth   +            (no ring)
HPRegen 0.23/turn    (no ring)
MPRegen 0.09/turn

%: no passive effects
@: no status effects
A: sickness immunity, AC +3, negative energy resistance 1, electricity
resistance, torment resistance 1, petrification resistance
a: no special abilities


You were on level 1 of the Dungeon.
You visited 1 branch of the dungeon, and saw 2 of its levels.

You collected 63 gold pieces.


Innate Abilities, Weirdness & Mutations

You are immune to sickness and miasma.
Your stone body is resilient. (AC +3)
You are immune to poison.
You resist negative energy. (rN+)
You are resistant to electric shocks. (rElec)
You are resistant to unholy torment.
You are immune to petrification.


   Skills:
 - Level 2.0 Fighting
 + Level 3.1 Ranged Weapons
 - Level 1.5 Dodging
 - Level 1.0 Spellcasting
 - Level 2.6 Hexes


You had 3 spell levels left.
You knew the following spells:

 Your Spells              Type           Power      Damage    Failure   Level
a - Slow                  Hex            28%        N/A       22%         1

Your spell library contained the following spells:

 Spells                   Type           Power      Damage    Failure   Level
 Inner Flame              Hex/Fire       4%         N/A       75%         3
 Portal Projectile        Hex/Tloc       8%         N/A       75%         3
 Cause Fear               Hex            3%         N/A       92%         4

Inventory:

Hand Weapons
 Y - a +1 sling (weapon)
Armour
 j - a +0 ring mail (worn)
Potions
 d - a potion of mutation {unknown}
 e - a potion of curing {unknown}
 h - a potion of cancellation {unknown}

Dungeon Overview and Level Annotations

Branches:
Dungeon (2/15)

Altars:


Message History

The orc wizard is lightly wounded.
The orc wizard barely misses you. The orc closely misses you.
The orc wizard closely misses you. The orc hits you but does no damage.
You shoot a sling bullet.
The sling bullet closely misses the orc wizard.
The orc wizard hits you but does no damage.
The orc misses you.
You shoot a sling bullet.
The sling bullet hits the orc wizard but does no damage.
The orc wizard is lightly wounded.
The orc wizard gestures wildly while chanting.
The orc wizard flickers and vanishes!
Deactivating autopickup; reactivate with Ctrl-A.
The orc barely misses you. Something hits you but does no damage.
The orc hits you with a +0 mace of holy wrath!
You shoot a sling bullet.
The sling bullet hits the orc but does no damage.
Something hits you but does no damage. The orc hits you but does no damage.
You shoot a sling bullet. The sling bullet hits the orc.
The orc is severely wounded.
Something completely misses you. The orc hits you but does no damage.
Something hits you but does no damage. The orc barely misses you.
You shoot a sling bullet.
The sling bullet closely misses the orc.
You hear some strange, mumbled words.
A magic dart appears from out of thin air!
The magic dart hits you! The orc hits you but does no damage.
You shoot a sling bullet. The sling bullet hits the orc.
The orc is almost dead.
Something hits you but does no damage. The orc hits you but does no damage.
Something hits you but does no damage.
The orc hits you with a +0 mace of holy wrath.
You shoot a sling bullet. The sling bullet hits the orc!
You kill the orc!
Something hits you but does no damage.
You shoot a sling bullet. Something hits you.
You shoot a sling bullet. Something hits you.
You die...

..# ..# ..# ##########
..###........#
...##........######
........[.........# ###
..#.....%.........######.#####
..###.....%....)..#..........#
...##..........{@.......?....#
....)...........[............#
........%......###.##..#######
...%...............##.##
........###..#...####.#
....#...#....#.....##.#
####..#........###.##.#
#...#......#..##.....#####
##..............#.#.......######


There were no monsters in sight!

Vanquished Creatures
  2 dart slugs (D:1)
  3 orcs
  A ball python (D:1)
  A bat (D:1)
  3 giant cockroaches (D:1)
  A goblin (D:1)
  A hobgoblin (D:1)
  2 kobolds (D:1)
  A frilled lizard (D:1)
  2 rats (D:1)
17 creatures vanquished.

Notes
Turn   | Place    | Note
-------+----------+-------------------------------------------
     0 | D:1      | qw the Gargoyle Hexslinger began the quest for the Orb.
     0 | D:1      | Reached XP level 1. HP: 12/12 MP: 2/2
     0 | D:1      | 0 ||| qw: Version: 0.3-a-52-g30416fa
     0 | D:1      | 0 ||| qw: Game counter: 7412
     0 | D:1      | 0 ||| qw: Melee chars always use a shield: true
     0 | D:1      | 0 ||| qw: God list: Okawaru
     0 | D:1      | 0 ||| qw: Allow faded altars: false
     0 | D:1      | 0 ||| qw: Do Orc after clearing Dungeon:15 true
     0 | D:1      | 0 ||| qw: Do second Lair branch before Depths: true
     0 | D:1      | 0 ||| qw: Lair rune preference: random
     0 | D:1      | 0 ||| qw: Goals: Normal
     0 | D:1      | 0 ||| PLANNING D:1-11
    69 | D:1      | Reached XP level 2. HP: 16/16 MP: 3/3
   111 | D:1      | Reached skill level 3 in Ranged Weapons
   302 | D:1      | 302 ||| UPGRADING to +0 leather armour.
   312 | D:1      | 312 ||| DROPPING +0 robe.
   313 | D:1      | 313 ||| UPGRADING to +0 ring mail.
   323 | D:1      | 323 ||| DROPPING +0 leather armour.
   324 | D:1      | 324 ||| READING scroll labelled KATE MUNOSKOARCH.
   325 | D:1      | 325 ||| READING scroll labelled YLYCLY CIFIVOOSIU.
   326 | D:1      | 326 ||| DROPPING scroll of poison.
   340 | D:2      | Reached XP level 3. HP: 21/21 MP: 4/4
   341 | D:2      | 341 ||| STAIRDANCE
   350 | D:1      | HP: 3/21 [orc/+0 mace of holy wrath (4)]
   352 | D:1      | HP: 1/21 [something (2)]
   353 | D:1      | Slain by an orc wizard

Levels and vault maps discovered:
D:1:      dpeg_arrival_stone_temple_mockup, layout_rooms
D:2:      layout_loops_cross, ebering_dispersal_statue_hall, uniq_natasha

Skill      XL: |  1  2 |
---------------+-------+-----
Ranged Weapons | 3 |  3.1
Fighting       | 2 |  2.0
Dodging        | |  1.5
Spellcasting   | |  1.0
Hexes          | |  2.6

Action                     || total
---------------------------++-------
   Fire: Sling             ||    51
    Use: Scroll            ||     2
 Armour: Robe              ||     2
         Ring mail         ||    14
  Dodge: Dodged            ||    16

Table legend:
 A = Non-vault XP
 B = Vault XP
 C = Vault XP percentage of total XP
 D = Non-vault monster count
 E = Vault monster count
 F = Vault count percentage of total count
                 A         B        C        D         E       F
            +---------+---------+-------+---------+---------+-------
      Total |      38 |       0 |   0.0 |      17 |       0 |   0.0
            +---------+---------+-------+---------+---------+-------
        D:1 |      32 |       0 |   0.0 |      15 |       0 |   0.0
        D:2 |       6 |       0 |   0.0 |       2 |       0 |   0.0
            +---------+---------+-------+---------+---------+-------
